 Dungeon Crawl Stone Soup version 0.24.0-123-gd5b16e6ec5 (webtiles) character file.

Game seed: 11152695229336358460, levelgen mode: deterministic

1995 1994 the Spear-Bearer (level 9, -17/63 HPs)
             Began as a Demonspawn Skald on Jan 26, 2020.
             Was a Believer of Hepliaklqana.
             Demolished by an orc warrior
             ... wielding a +2 battleaxe of freezing
              (28 damage)
             ... on level 6 of the Dungeon.
             The game lasted 00:24:07 (7890 turns).

1994 the Spear-Bearer (Demonspawn Skald)            Turns: 7890, Time: 00:24:07

Health: -17/63     AC:  7    Str: 15    XL:     9   Next: 1%
Magic:  8/12       EV: 17    Int: 14    God:    Hepliaklqana [**....]
Gold:   247        SH:  0    Dex: 13    Spells: 4/12 levels left

rFire    . . .     SeeInvis .   a - +0 spear
rCold    . . .     Gourm    .   (no shield)
rNeg     . . .     Faith    .   v - +0 ring mail
rPois    .         Spirit   .   F - +0 helmet
rElec    .         Reflect  .   g - scarf {cloud immunity}
rCorr    .         Harm     .   s - +0 pair of gloves
MR       .....                  (no boots)
Stlth    +.........             (no amulet)
HPRegen  0.20/turn              o - ring of wizardry
MPRegen  0.13/turn              C - +4 ring of evasion

@: about to teleport, very slightly contaminated, lightly drained
A: reduced essence, talons 2, repulsion field 1, spiny 2
a: Recall Ancestor, Ancestor Identity, Renounce Religion


You were on level 6 of the Dungeon.
You worshipped Hepliaklqana.
Hepliaklqana was pleased with you.
You were hungry.

You visited 2 branches of the dungeon, and saw 7 of its levels.
You also visited: Sewer.

You collected 247 gold pieces.

Inventory:

Hand Weapons
 a - a +0 spear (weapon)
 b - a +1 hunting sling
Missiles
 t - 240 stones (quivered)
 w - 22 poisoned darts
 x - 43 sling bullets
Armour
 g - a scarf of cloud immunity (worn)
 s - a +0 pair of gloves (worn)
 u - a +0 chain mail
 v - a +0 ring mail (worn)
 F - a +0 helmet (worn)
 G - a +2 robe of fire resistance
Jewellery
 o - a ring of wizardry (left hand)
 C - a +4 ring of evasion (right hand)
Wands
 h - a wand of flame (4)
 A - a wand of polymorph (6)
Scrolls
 c - 2 scrolls of enchant weapon
 j - 3 scrolls of identify
 l - 3 scrolls of teleportation
 m - 3 scrolls of amnesia
 n - 2 scrolls of remove curse
 q - a scroll of fear
 r - a scroll of blinking {unknown}
 y - a scroll of magic mapping {unknown}
 z - a scroll of random uselessness {unknown}
 E - a scroll of immolation {unknown}
Potions
 e - a potion of ambrosia
 f - 2 potions of might
 i - 3 potions of curing
 k - 5 potions of flight
 p - 3 potions of agility
 B - a potion of cancellation {unknown}
 D - 4 potions of heal wounds
Comestibles
 d - 11 rations


   Skills:
 + Level 6.7(6.4) Fighting
 * Level 8.7(8.4) Polearms
 + Level 1.0(0.8) Armour
 + Level 2.3(2.1) Dodging
 - Level 2.0(1.7) Spellcasting
 + Level 3.2(2.9) Charms
 + Level 1.6(1.4) Necromancy


You had 4 spell levels left.
You knew the following spells:

 Your Spells              Type           Power        Failure   Level  Hunger
b - Regeneration          Chrm/Necr      #.........   24%         3    ####...
c - Spectral Weapon       Hex/Chrm       #.......     30%         3    ####...
d - Song of Slaying       Chrm           #.......     9%          2    ###....

Your spell library contained the following spells:

 Spells                   Type           Power        Failure   Level  Hunger
 Infusion                 Chrm           #...         6%          1    ##.....
 Animate Skeleton         Necr           N/A          11%         1    ##.....
 Shroud of Golubria       Chrm/Tloc      #.....       16%         2    ###....
 Apportation              Tloc           #.....       19%         1    ##.....
 Confusing Touch          Hex            #.....       19%         1    ##.....
 Summon Small Mammal      Summ           #...         19%         1    ##.....


Dungeon Overview and Level Annotations

Branches:
Dungeon (6/15)             Temple (1/1) D:4           Sewer (visited)

Altars:
Ashenzari
Cheibriados
Dithmenos
Gozag
Hepliaklqana
Kikubaaqudgha
Makhleb
Nemelex Xobeh
Okawaru
Qazlal
Sif Muna
Trog
Uskayaw
Vehumet
Xom
Zin
The Shining One


Innate Abilities, Weirdness & Mutations

You have razor-sharp toenails.
You are surrounded by a mild repulsion field. (EV +2)
You are mostly covered in sharp spines.
Your life essence is reduced to manifest your ancestor. (-10% HP)


Message History

* * * LOW HITPOINT WARNING * * *
Ælfthryth hits the orc warrior with a +0 quarterstaff.
Unknown command.
Unknown command.
Attack whom?
Press: ? - help, Dir - move target cursor, f/p - orc warrior
Aim: an orc warrior, wielding a +0 long sword of distortion and wearing a +0 plate armour (heavily wounded)
You reach to attack!
The orc shouts!
You hit the orc warrior but do no damage.
The orc warrior is heavily wounded.
The orc warrior drinks a potion.
The orc warrior is healed!
Something hits Ælfthryth but does no damage.
Unknown command.
Unknown command.
As you read the scroll of teleportation, it crumbles to dust.
You feel strangely unstable. Ælfthryth barely misses the orc warrior.
The orc warrior hits you with a +2 battleaxe of freezing!!
You die...

#.#.###.# #..# #.......# #..#
######..# #..######
######..#### #........
...........# #######...#####
...........# ...............
######.#...#### ######...#.###
..............####### ##.##.#
####...........o@.o.# #.##.#
#.......(..#####R# #.##.###
#.#......### #.# ###.......
#.#.....(#######.# #......###
####.......(..)..##R#
#.########
...........(####.##.####.#
#..... #####.......#
#.##.o.R#.###.####
..........######.####.....o..#
#####....<...#.....##.#####..#


You could see the friendly Ælfthryth the battlemage and 2 orc warriors.

Vanquished Creatures
  Grinder (D:4)
  Eustachio (D:5)
  A sky beast (D:5)
  An ogre (D:4)
  2 phantoms
  A centaur (D:6)
  A bullfrog (D:6)
  A wight (D:6)
  2 howler monkeys
  A crimson imp (D:6)
  A hound (D:5)
  2 jellies (D:3)
  An orc priest (D:4)
  2 centaur skeletons (D:4)
  2 iguanas (D:4)
  Terence (D:2)
  3 worker ants
  6 orc wizards
  7 adders
  A river rat (Sewer)
  A shadow imp (D:5)
  7 oozes
  An adder zombie (D:5)
  3 worms
  A dart slug (D:2)
  2 leopard geckos
  11 orcs
  8 bats
  7 giant cockroaches
  7 goblins
  9 hobgoblins
  2 quokkas
  6 frilled lizards
  15 kobolds
  2 leopard gecko skeletons
  20 rats
140 creatures vanquished.

Vanquished Creatures (collateral kills)
  A big kobold (Sewer)
  3 wights (D:6)
  A bullfrog skeleton (D:4)
  3 worker ants
  A shadow imp (D:6)
  2 orcs (D:5)
  2 jackals (Sewer)
  2 kobolds (Sewer)
  A rat (Sewer)
16 creatures vanquished.

Vanquished Creatures (others)
  An ancestor (D:4)
  A spectral weapon (D:6)
  7 toadstools (D:3)
9 creatures vanquished.

Grand Total: 165 creatures vanquished

Notes
Turn   | Place    | Note
-------+----------+-------------------------------------------
     0 | D:1      | 1994 the Demonspawn Skald began the quest for the Orb.
     0 | D:1      | Reached XP level 1. HP: 16/16 MP: 3/3
   305 | D:1      | Reached skill level 2 in Polearms
   441 | D:1      | Gained mutation: You are partially covered in sharp spines.
                  | [demonic ancestry]
   441 | D:1      | Reached XP level 2. HP: 22/22 MP: 5/5
   864 | D:1      | Reached XP level 3. HP: 25/28 MP: 6/6
  1307 | D:2      | Reached skill level 3 in Polearms
  1491 | D:2      | Learned a level 3 spell: Regeneration
  1962 | D:2      | Noticed Terence
  2172 | D:2      | Gained mutation: You have sharp toenails. [demonic
                  | ancestry]
  2172 | D:2      | Reached XP level 4. HP: 34/34 MP: 7/7
  2196 | D:2      | Learned a level 3 spell: Spectral Weapon
  2198 | D:2      | Found a burning altar of Makhleb.
  2206 | D:2      | Found a glowing silver altar of Zin.
  2206 | D:2      | Noticed a balrug
  2206 | D:2      | Noticed an angel
  2375 | D:2      | Killed Terence
  2573 | D:2      | HP: 1/35 [poisoned by an adder]
  3514 | D:3      | Reached skill level 4 in Polearms
  3572 | D:3      | Gained mutation: You are surrounded by a mild repulsion
                  | field. (EV +2) [demonic ancestry]
  3572 | D:3      | Reached XP level 5. HP: 31/41 MP: 8/8
  4287 | D:3      | Found an opulent altar of Gozag.
  4329 | D:3      | Gained mutation: You have razor-sharp toenails. [demonic
                  | ancestry]
  4329 | D:3      | Reached XP level 6. HP: 29/48 MP: 9/9
  4658 | D:3      | Learned a level 2 spell: Song of Slaying
  4672 | D:4      | Noticed Grinder
  4672 | D:4      | Paralysed by Grinder for 3 turns
  4709 | D:4      | Reached skill level 5 in Polearms
  4804 | D:4      | Found a shattered altar of Ashenzari.
  4970 | D:4      | Found a staircase to the Ecumenical Temple.
  4982 | Temple   | Entered the Ecumenical Temple
  5316 | D:4      | Reached XP level 7. HP: 48/55 MP: 10/10
  5377 | D:4      | Found a bloodstained altar of Trog.
  5392 | D:4      | Reached skill level 6 in Polearms
  5458 | D:4      | Found a hazy altar of Hepliaklqana.
  5458 | D:4      | Found a stormy altar of Qazlal.
  5509 | D:4      | Became a worshipper of Hepliaklqana the Forgotten
  5557 | D:4      | Killed Grinder
  5557 | D:4      | Reached skill level 5 in Fighting
  5700 | D:4      | Reached skill level 7 in Polearms
  6122 | D:5      | Entered Level 5 of the Dungeon
  6171 | D:5      | Reached * piety under Hepliaklqana
  6207 | D:5      | Reached XP level 8. HP: 55/56 MP: 11/11
  6363 | D:5      | Found a sparkling altar of Nemelex Xobeh.
  6365 | D:5      | Noticed Eustachio
  6374 | D:5      | Killed Eustachio
  6432 | D:5      | Noticed Sigmund
  6434 | D:5      | Noticed Sigmund
  6434 | D:5      | Sigmund changed into Sigmund the worker ant
  6442 | D:5      | Killed Sigmund the worker ant
  6442 | D:5      | Reached skill level 8 in Polearms
  7102 | D:6      | Found a glowing drain.
  7120 | D:6      | Reached ** piety under Hepliaklqana
  7121 | D:6      | Remembered your ancestor Ælfthryth as a battlemage
  7160 | Sewer    | Entered a sewer
  7258 | Sewer    | Reached skill level 1 in Necromancy
  7293 | Sewer    | Found a white marble altar of Elyvilon.
  7357 | D:6      | Found a shadowy altar of Dithmenos.
  7682 | D:6      | Reached skill level 1 in Armour
  7682 | D:6      | Gained mutation: You are mostly covered in sharp spines.
                  | [demonic ancestry]
  7682 | D:6      | Reached XP level 9. HP: 57/63 MP: 4/12
  7890 | D:6      | Demolished by an orc warrior

Levels and vault maps discovered:
D:1:      dpeg_arrival_ratfight, layout_basic
D:2:      layout_loops_cross, grunt_temple_overflow_order_and_chaos_2,
          uniq_terence
D:3:      cheibrodos_fertilizer, layout_basic, nicolae_overflow_crystal_walls
D:4:      layout_gridville, nicolae_ashenzari_panopticon,
          amethyst_overflow_temple_binary, minmay_temple_entry_junction,
          serial_park_tiny_1, trog_three_pillars_becter, uniq_grinder
D:5:      layout_basic, nemelex_xobeh_ov_fountains_minmay, first_ration,
          uniq_eustachio, uniq_sigmund
D:6:      layout_loops_ring, basic_altar, portal_sewer_entry_a
Temple:   nicolae_temple_figure_zero

Skill      XL: |  1  2  3  4  5  6  7  8 |
---------------+-------------------------+-----
Polearms       | 2 3 4 5 7 8 |  8.7
Fighting       | 3 4 5 6 |  6.7
Dodging        | 2 |  2.3
Charms         | 3 |  3.2
Necromancy     | 1 |  1.6
Armour         | 1 |  1.0
Spellcasting   | |  2.0

Action                   |  1- 3 |  4- 6 |  7- 9 || total
-------------------------+-------+-------+-------++-------
Melee: Spear             |   147 |   171 |   227 ||   545
       Kick              |       |    32 |    56 ||    88
 Fire: Hunting sling     |       |    22 |       ||    22
 Cast: Infusion          |     3 |     2 |       ||     5
       Regeneration      |     1 |       |     2 ||     3
       Spectral Weapon   |       |     2 |     7 ||     9
Invok: Ancestor Life: Ba |       |       |     1 ||     1
Evoke: Wand              |       |       |     2 ||     2
  Use: Scroll            |     4 |     2 |     8 ||    14
 Stab: Sleeping          |     3 |       |       ||     3
       Distracted        |       |       |     3 ||     3
  Eat: Chunk             |     3 |     9 |     9 ||    21
       Ration            |       |     1 |       ||     1
Armor: Leather armour    |    15 |     6 |       ||    21
       Ring mail         |       |    14 |    14 ||    28
Dodge: Dodged            |    43 |    69 |    81 ||   193
